 Dungeon Sprint DCSS version 0.30-a0-779-g7971cf19c3 (webtiles) character file.

Game seed: 4298073949325431294

1473 dialectric the Fighter (level 8, -2/62 HPs)
             Began as a Gargoyle Fighter on Feb 17, 2023.
             Was an Initiate of Trog.
             Slain by a hornet (11 damage)
             ... in the Dungeon (Sprint II: "The Violet Keep of Menkaure").
             The game lasted 00:04:01 (449 turns).

dialectric the Fighter (Gargoyle Fighter)            Turns: 449, Time: 00:04:02

Health: -2/62      AC: 20    Str: 18    XL:     8   Next: 78%
Magic:  8/8        EV:  8    Int:  9    God:    Trog [......]
Gold:   155        SH:  0    Dex: 16    Spells: 7/7 levels left

rFire   . . .      SeeInvis .    a - +0 long sword
rCold   . . .      Faith    .    (no shield)
rNeg    + . .      Spirit   .    d - +4 chain mail of Vaydgh {Dex+5}
rPois   ∞          Reflect  .    (no helmet)
rElec   +          Harm     .    (no cloak)
rCorr   .          Rampage  .    (no gloves)
Will    .....      NoTele   +    (no boots) Stlth
                                 (no amulet)
HPRegen 0.30/turn                (no ring)
MPRegen 0.11/turn                (no ring)

@: unable to read, unable to drink
A: sickness immunity, AC +5, negative energy resistance 1, electricity
resistance, torment resistance 1, petrification resistance, weak 1, inability to
drink after injury 1, inability to read after injury 2
a: Renounce Religion


You were in the Dungeon.
You worshipped Trog.
Trog was noncommittal.
You visited 1 branch You collected 737 gold pieces.
You spent 582 gold pieces at shops.

Inventory:

Hand Weapons
 a - a +0 long sword (weapon)
Armour
 c - a +0 buckler
 d - the +4 chain mail of Vaydgh (worn) {Dex+5}
   (You bought it in a shop in the Dungeon)

   Dex:       It affects your dexterity (+5).
Scrolls
 j - 2 scrolls of blinking
Potions
 e - a potion of flight
 f - a potion of curing
 g - a potion of haste
 h - 2 potions of magic


   Skills:
 + Level 12.8 Fighting
 + Level 11.4 Long Blades
 + Level 8.1 Armour
 - Level 2.1 Dodging
 + Level 3.5 Stealth
 + Level 5.9 Shields


You had 7 spell levels left.
You didn't know any spells.
Your spell library was empty.

Dungeon Overview and Level Annotations

Branches:
Dungeon (1/1)

Altars:
Cheibriados
Dithmenos
Elyvilon
Fedhas
Gozag
Hepliaklqana
Kikubaaqudgha
Makhleb
Nemelex Xobeh
Okawaru
Qazlal
Ru
Sif Muna
Trog
Uskayaw
Vehumet
Wu Jian
Xom
Yredelemnul
Zin
The Shining One
Jiyva
Lugonu

Shops:
D :=([![(=[*=!?[:

Annotations:
D exclusion: oklob plant


Innate Abilities, Weirdness & Mutations

You are immune to sickness and miasma.
Your stone body is resilient. (AC +5)
You are immune to poison.
You resist negative energy. (rN+)
You are resistant to electric shocks. (rElec)
You are resistant to unholy torment.
You are immune to petrification.
You are weak. (Str -2)
You occasionally lose the ability to drink potions when taking damage.
You sometimes lose the ability to read scrolls when taking damage.


Message History

You can drink potions again.
The hornet buzzes angrily.
The yaktaur shoots a bolt.
The bolt hits you!
You feel threatened and lose the ability to read scrolls!
You feel threatened and lose the ability to drink potions!
* * * LOW HITPOINT WARNING * * *
The hornet buzzes angrily.
You see here a polar bear corpse.
You hit the yaktaur but do no damage.
The yaktaur is almost dead.
The hornet buzzes angrily.
The yaktaur unwields a +3 arbalest.
The yaktaur closely misses you.
You hit the yaktaur but do no damage.
The yaktaur is almost dead.
You can read scrolls again.
The hornet buzzes angrily.
The hornet buzzes angrily.
There is a roughly hewn altar of Beogh, spattered with blood here.
The yaktaur wields a +3 arbalest.
The yaktaur shoots a bolt.
The bolt completely misses you.
You hit the yaktaur but do no damage.
The yaktaur is almost dead.
The hornet buzzes angrily.
You hit the yaktaur.
The yaktaur is almost dead.
You flicker back into view.
The hornet buzzes angrily.
The yaktaur unwields a +3 arbalest.
The yaktaur completely misses you.
You slash the yaktaur!
You kill the yaktaur!
Trog accepts your kill.
Your Armour skill increases to level 8!
Your Stealth skill gained 2 levels and is now at level 3!
The hornet barely misses you. The hornet stings you!
You feel threatened and lose the ability to read scrolls!
* * * LOW HITPOINT WARNING * * *
Things that are here:
a +3 arbalest; 81 gold pieces; a yaktaur corpse You closely miss the hornet.
The hornet stings you!
You die... .##.# ...# ...# ...####..## #..# .# ??? #'###.##..# +..# .#▓$?!?!??$ #.##.§##..# #..# .#▓)$???!!? .<.†##.'..####..##.#▓?[)![?![ #.##..##....###...##▓▓▓▓▓▓▓+ #+###.##......~~~~~~~~~~~~~.
B#B

###~~.§...~#y########+### .
..#~§§§~~~..~#@._._._.#~§~#
.
$##~§§~§~~~.§#._._._..#~§§≈
#
##~~~≈§§§~~~~#_._._._.#S§§~
~
~~~~~§≈§≈~~~#†_._._._#S§§≈
+#
++#~≈§≈§≈§≈§#.._._._.#~~§§
≈ ##§§§###≈§#..._._._#§~~§
#≈≈#...._._.#§~≈§
#≈≈#....._._#§≈§≈
§≈≈≈##########§≈≈≈


You could see a hornet.

Vanquished Creatures
  A yaktaur (D)
  A blink frog (D)
  4 neqoxecs (D)
  Menkaure (D)
  4 scorpions (D)
  3 worms (D)
14 creatures vanquished.

Vanquished Creatures (others)
  3 polar bears (D)
  A water moccasin (D)
4 creatures vanquished.

Grand Total: 18 creatures vanquished

Notes
Turn   | Place    | Note
-------+----------+-------------------------------------------
     0 | D        | dialectric the Gargoyle Fighter began the quest for the
                  | Orb.
     0 | D        | Reached XP level 1. HP: 14/14 MP: 1/1
     8 | D        | Noticed a boulder beetle
     8 | D        | Noticed a boulder beetle
    22 | D        | Reached skill level 4 in Fighting
    22 | D        | Reached XP level 2. HP: 16/20 MP: 2/2
    29 | D        | Noticed a neqoxec
    29 | D        | Noticed a neqoxec
    29 | D        | Noticed a neqoxec
    29 | D        | Noticed a neqoxec
    39 | D        | Killed a neqoxec
    39 | D        | Gained mutation: You are weak. (Str -2) [a neqoxec]
    40 | D        | Reached skill level 7 in Fighting
    40 | D        | Reached skill level 1 in Dodging
    40 | D        | Reached XP level 3. HP: 28/29 MP: 3/3
    40 | D        | Reached XP level 4. HP: 34/35 MP: 4/4
    40 | D        | Reached XP level 5. HP: 38/39 MP: 5/5
    45 | D        | Gained mutation: You occasionally lose the ability to read
                  | scrolls when taking damage. [a neqoxec]
    48 | D        | Gained mutation: You sometimes lose the ability to read
                  | scrolls when taking damage. [a neqoxec]
    49 | D        | Killed a neqoxec
    50 | D        | Reached skill level 9 in Fighting
    50 | D        | Reached XP level 6. HP: 23/48 MP: 6/6
    54 | D        | Killed a neqoxec
    55 | D        | Reached skill level 10 in Fighting
    58 | D        | Gained mutation: You occasionally lose the ability to drink
                  | potions when taking damage. [a neqoxec]
    63 | D        | Killed a neqoxec
    64 | D        | Reached skill level 11 in Fighting
    64 | D        | Reached skill level 10 in Long Blades
    64 | D        | Reached XP level 7. HP: 8/54 MP: 7/7
   231 | D        | Reached skill level 5 in Armour
   244 | D        | Reached skill level 5 in Shields
   276 | D        | Found Ysakadgh's Book Shop.
   276 | D        | Found Cutzer's Distillery.
   276 | D        | Found Tinuj's Jewellery Shop.
   276 | D        | Found Taedam's Jewellery Boutique.
   276 | D        | Found Yxigh's Assorted Antiques.
   276 | D        | Found Gouzodd's Antique Weapon Boutique.
   277 | D        | Found Kiotoax's Antique Armour Boutique.
   277 | D        | Found Axtoeph's Distillery.
   277 | D        | Found Zujoron's Antique Armour Boutique.
   277 | D        | Found Jasisusch's Magic Scroll Shop.
   278 | D        | Found Meqoucad's Antique Weapon Shop.
   278 | D        | Found Uluejor's Jewellery Boutique.
   278 | D        | Noticed a yak
   279 | D        | Found Ciakkad's Antique Armour Boutique.
   279 | D        | Found Orretamu's Antique Armour Shop.
   283 | D        | Noticed a blink frog
   291 | D        | Noticed Menkaure
   291 | D        | Noticed a yak
   291 | D        | Noticed a yak
   291 | D        | Noticed an oklob plant
   291 | D        | Noticed a cane toad
   292 | D        | Found Hoatous's Book Shoppe.
   292 | D        | Noticed a cane toad
   307 | D        | Killed Menkaure
   308 | D        | Reached skill level 12 in Fighting
   308 | D        | Reached XP level 8. HP: 40/60 MP: 8/8
   313 | D        | Killed a blink frog
   318 | D        | Bought a scroll of blinking for 75 gold pieces
   321 | D        | Bought a smouldering chain mail for 285 gold pieces
   321 | D        | Identified the +4 chain mail of Vaydgh {Dex+5} (You bought
                  | it in a shop in the Dungeon)
   336 | D        | Noticed a manticore
   337 | D        | Noticed a manticore
   342 | D        | Bought a potion of heal wounds for 50 gold pieces
   342 | D        | Bought a potion of flight for 30 gold pieces
   342 | D        | Bought a potion of curing for 30 gold pieces
   346 | D        | Bought a potion of invisibility for 112 gold pieces
   385 | D        | Found a hazy altar of Hepliaklqana.
   385 | D        | Found a snail-covered altar of Cheibriados.
   386 | D        | Found a stormy altar of Qazlal.
   386 | D        | Found a viscous altar of Jiyva.
   386 | D        | Found a shadowy altar of Dithmenos.
   387 | D        | Found a sacrificial altar of Ru.
   387 | D        | Found an ancient bone altar of Kikubaaqudgha.
   387 | D        | Found a white marble altar of Elyvilon.
   388 | D        | Found an ornate altar of the Wu Jian Council.
   388 | D        | Found a shimmering blue altar of Sif Muna.
   388 | D        | Found a corrupted altar of Lugonu.
   389 | D        | Found a shimmering altar of Xom.
   389 | D        | Found a bloodstained altar of Trog.
   389 | D        | Found a burning altar of Makhleb.
   390 | D        | Found a glowing golden altar of the Shining One.
   390 | D        | Found a basalt altar of Yredelemnul.
   390 | D        | Found a hide-covered altar of Uskayaw.
   392 | D        | Found a glowing silver altar of Zin.
   392 | D        | Found a radiant altar of Vehumet.
   392 | D        | Found a blossoming altar of Fedhas.
   392 | D        | Found a sparkling altar of Nemelex Xobeh.
   392 | D        | Noticed a hornet
   392 | D        | Noticed a polar bear
   392 | D        | Noticed a polar bear
   393 | D        | Found an opulent altar of Gozag.
   393 | D        | Found an iron altar of Okawaru.
   393 | D        | Noticed a yaktaur
   393 | D        | Noticed a polar bear
   399 | D        | Became a worshipper of Trog the Wrathful
   401 | D        | Killed a polar bear
   410 | D        | Killed a polar bear
   439 | D        | Killed a polar bear
   440 | D        | Reached skill level 1 in Stealth
   447 | D        | Killed a yaktaur
   449 | D        | Slain by a hornet

Illustrated notes

Levels and vault maps discovered:
D:        the_violet_keep_of_menkaure [sprint2_stairs_cluster_1,
          sprint2_shoproom, sprint2_temple, sprint2_basic_supplies,
          sprint2_obstacle_5, sprint2_obstacle_6, sprint2_obstacle_7,
          sprint2_obstacle_2, sprint2_obstacle_3, sprint2_timed_cluster_1,
          sprint2_smallroom_cluster_1, sprint2_smallroom_final_cluster_1,
          sprint2_transparent_cluster_1, sprint2_second_timed_cluster_1,
          sprint2_sniper_area_1, sprint2_heavy_combat_area_1,
          sprint2_mutation_trap_area_1, sprint2_forest_area_1,
          sprint2_light_combat_area_1, sprint2_behind_water_1,
          sprint2_near_end_vault_1]

Skill      XL: |  1  2  3  4  5  6  7  8 |
---------------+-------------------------+-----
Fighting       | 4 7 9 11 12 | 12.8
Long Blades    | 2 6 8 10 11 | 11.4
Armour         | 4 6 8 |  8.1
Dodging        | 1 2 |  2.1
Shields        | 5 |  5.9
Stealth        | 3 |  3.5

Action                     |  1- 3 |  4- 6 |  7- 9 || total
---------------------------+-------+-------+-------++-------
  Melee: Long sword        |    17 |    22 |    75 ||   114
         Punch             |     1 |       |     2 ||     3
    Use: Potion            |     4 |       |     2 ||     6
   Stab: Invisible         |       |       |     8 ||     8
 Armour: Scale mail        |     4 |     4 |    14 ||    22
         Chain mail        |       |       |    24 ||    24
  Dodge: Dodged            |     6 |     7 |    63 ||    76

Table legend: (Time is in decaauts)
 A = Elapsed time spent in this place.
 B = Non-inter-level travel time spent in this place.
 C = Inter-level travel time spent in this place.
 D = Time resting spent in this place.
 E = Time spent auto-exploring this place.
 F = Levels seen in this place.
 G = Mean time per level.
                   A        B        C        D        E       F      G
               +--------+--------+--------+--------+--------+-----+--------+
         Total |    462 |    462 |      0 |    151 |      0 |   1 |  462.0 |
       Dungeon |    462 |    462 |      0 |    151 |      0 |   1 |  462.0 |
               +--------+--------+--------+--------+--------+-----+--------+

Top non-repeatable levels by time:
       D: 462 daAuts
